 Dungeon Crawl Stone Soup version 0.21.1-1-g345015f (webtiles) character file.

74 inc the Scratcher (level 4, 19/19 HPs)
             Began as a Felid Transmuter on Mar 6, 2018.
             Quit the game on level 4 of the Dungeon.
             The game lasted 00:06:02 (3276 turns).

inc the Scratcher (Felid Transmuter)                Turns: 3276, Time: 00:06:03

Health: 19/19      AC:  1    Str:  6    XL:     4   Next: 10%
Magic:  8/8        EV: 18    Int: 15    God:
Gold:   104        SH:  0    Dex: 17    Spells: 4/7 levels left
                                        Lives:  0   Deaths: 1

rFire    . . .     SeeInvis +     - Unarmed
rCold    . . .     Gourm    .   (shield unavailable)
rNeg     . . .     Faith    .   (armour unavailable)
rPois    .         Spirit   .   (helmet unavailable)
rElec    .         Reflect  .   (cloak unavailable)
rCorr    .         Harm     .   (gloves unavailable)
MR       .....                  (boots unavailable)
Stlth    ++........             (no amulet)
HPRegen  0.06/turn              (no ring)
MPRegen  0.11/turn              (no ring)

@: quick
A: very small, no armour, no weapons or thrown items, stealth, claws 1, fangs 3,
see invisible, carnivore, speed 1, shaggy fur 1, slow metabolism 1, sharp paws
a: no special abilities


You were on level 4 of the Dungeon.
You were not hungry.

You visited 1 branch of the dungeon, and saw 5 of its levels.

You collected 104 gold pieces.

Inventory:

Missiles
 a - 40 arrows
Wands
 g - a wand of paralysis (10)
Scrolls
 e - 3 scrolls of teleportation {unknown}
 f - a scroll of enchant armour {unknown}
 h - a scroll of identify
 i - 3 scrolls of remove curse {unknown}
 j - a scroll of blinking {unknown}
Potions
 d - a potion of degeneration
Books
 b - a book of Changes

   Spells                             Type                      Level
   a - Beastly Appendage              Transmutation                1
   b - Sticks to Snakes               Transmutation                2
   c - Spider Form                    Transmutation/Poison         3
   d - Ice Form                       Ice/Transmutation            4
   e - Blade Hands                    Transmutation                5
Comestibles
 c - 7 rations


   Skills:
 - Level 1.0 Fighting
 - Level 2.6 Dodging
 - Level 5.1 Unarmed Combat
 - Level 2.0 Spellcasting
 + Level 3.7 Transmutations


You had 4 spell levels left.
You knew the following spells:

 Your Spells              Type           Power        Failure   Level  Hunger
a - Beastly Appendage     Tmut           ##....       4%          1    #......
b - Sticks to Snakes      Tmut           ##......     7%          2    ###....


Dungeon Overview and Level Annotations

Branches:
Dungeon (5/15)
 Temple: D:4-7

Altars:
Ashenzari
Fedhas
Gozag
Sif Muna

Annotations:
D:3 Grinder
D:4 Menkaure


Innate Abilities, Weirdness & Mutations

You cannot wear armour.
You are incapable of wielding weapons or throwing items.
Your paws allow you to move quietly. (Stealth)
You have sharp claws.
You have razor-sharp teeth.
You have supernaturally acute eyesight. (SInv)
You are carnivorous and can eat meat at any time.
You cover ground quickly.
You are covered in fur. (AC +1)
You have a slow metabolism.
Your sharp claws are effective at attacking unaware monsters.


Message History

Casting: Sticks to Snakes
Confirm with . or Enter, or press ? or * to list all spells.
You create a snake!
You now have 40 arrows.
Your adder bites Menkaure.
Menkaure calls on the powers of darkness!
Your adder convulses!
Your body is wracked with pain!
Unknown command.
Casting: Sticks to Snakes
Confirm with . or Enter, or press ? or * to list all spells.
You grow a pair of large bovine horns.
Your adder bites Menkaure.
You completely miss Menkaure. You bite Menkaure.
Menkaure is moderately damaged.
Your adder barely misses Menkaure.
Menkaure hits you!
Ouch! That really hurt!
You die...
Your shape twists and changes as you die.
You are now level 4!
Your horns disappear.
You rejoin the land of the living...
Are you sure you want to abandon this character and quit the game? (Confirm with "yes".)

..
.##
..
#.#
.. .#
###.#
#.@.#
#.###
#. #.
#. #.
##


There were no monsters in sight!

Vanquished Creatures
  Ijyb (D:3)
  Jessica (D:3)
  3 adders
  4 worms
  2 dart slugs
  A leopard gecko (D:3)
  2 orcs
  3 giant cockroaches
  4 hobgoblins
  6 jackals
  2 quokkas
  A ball python (D:3)
  7 bats
  A frilled lizard (D:2)
  4 goblins
  7 kobolds
  5 rats
54 creatures vanquished.

Vanquished Creatures (collateral kills)
  An adder (D:2)
1 creature vanquished.

Grand Total: 55 creatures vanquished

Notes
Turn   | Place    | Note
-------+----------+-------------------------------------------
     0 | D:1      | inc the Felid Transmuter began the quest for the Orb.
     0 | D:1      | Reached XP level 1. HP: 9/9 MP: 4/4
   719 | D:2      | Reached XP level 2. HP: 12/12 MP: 6/6
   729 | D:2      | Learned a level 2 spell: Sticks to Snakes
   785 | D:2      | Found a deep blue altar of Sif Muna.
  1071 | D:2      | Found a shattered altar of Ashenzari.
  1103 | D:3      | Found an opulent altar of Gozag.
  1189 | D:3      | Reached skill level 4 in Unarmed Combat
  1226 | D:3      | Reached XP level 3. HP: 10/15 MP: 5/7
  1458 | D:3      | Noticed Jessica
  1472 | D:3      | Killed Jessica
  1600 | D:3      | Noticed Grinder
  1853 | D:2      | Reached XP level 4. HP: 19/19 MP: 6/8
  1897 | D:2      | Reached skill level 5 in Unarmed Combat
  2799 | D:3      | Found a blossoming altar of Fedhas.
  2800 | D:3      | Noticed Ijyb
  2815 | D:3      | Killed Ijyb
  2895 | D:3      | Reached XP level 5. HP: 18/22 MP: 9/9
  3265 | D:5      | Entered Level 5 of the Dungeon
  3265 | D:5      | Noticed Menkaure
  3275 | D:4      | Mangled by Menkaure
  3276 | D:4      | Reached XP level 4. HP: -8/19 MP: 2/8
  3276 | D:4      | Quit the game

Skill      XL: |  1  2  3  4 |
---------------+-------------+-----
Unarmed Combat | 4 5 |  5.1
Transmutations | 3 |  3.7
Fighting       | |  1.0
Dodging        | |  2.6
Spellcasting   | |  2.0

Action                   |  1- 3 |  4- 6 || total
-------------------------+-------+-------++-------
Melee: Unarmed           |    82 |    79 ||   161
       Bite              |     5 |    10 ||    15
       Headbutt          |     7 |     2 ||     9
       Punch             |       |     2 ||     2
 Cast: Beastly Appendage |     8 |     5 ||    13
       Sticks to Snakes  |       |    12 ||    12
  Use: Potion            |     1 |     2 ||     3
       Scroll            |       |     2 ||     2
 Stab: Sleeping          |     3 |     4 ||     7
       Invisible         |     3 |       ||     3
       Distracted        |       |     2 ||     2
  Eat: Chunk             |     8 |     1 ||     9
Armor: Skin              |     1 |     4 ||     5
Dodge: Dodged            |    70 |    60 ||   130
